 Dungeon Crawl Stone Soup version 0.16-a0-2184-gce8611a (console) character file.

737 Kellhus the Slasher (level 7, -6/50 HPs)
             Began as a Mummy Wanderer on Nov 14, 2014.
             Was a Follower of Okawaru.
             Mangled by Grinder (7 damage)
             ... on level 4 of the Dungeon.
             The game lasted 00:08:35 (5101 turns).

Kellhus the Slasher (Mummy Wanderer)                Turns: 5101, Time: 00:08:35

Health: -6/50      AC:  2    Str: 13    XL:     7   Next: 46%
Magic:  7/7        EV: 12    Int: 12    God:    Okawaru [*.....]
Gold:   156        SH:  0    Dex: 14    Spells: 0 memorised, 6 levels left

rFire  x . .     SeeInvis .     a - +2 falchion
rCold  + . .     Clarity  .     d - +0 robe
rNeg   + + +     SustAb   +     (no shield)
rPois  +         Gourm    .     (no helmet)
rElec  .         Spirit   .     (no cloak)
rCorr  .         Warding  .     (no gloves)
rMut   .         Stasis   .     (no boots)
MR     .....                    (no amulet)
Stlth  ++........               j - ring of sustain abilities
                                f - +2 ring of slaying (curse)

@: not resistant to hostile enchantments, unstealthy
A: no food or potions, fire vulnerability, restore body, cold resistance 1,
negative energy resistance 3, poison resistance, torment resistance, unbreathing
a: Heroism, Renounce Religion


You were on level 4 of the Dungeon.
You worshipped Okawaru.
Okawaru was aware of your devotion.
You were not hungry.

You visited 1 branch of the dungeon, and saw 4 of its levels.

You collected 156 gold pieces.

Inventory:

Hand weapons
 a - a +2 falchion (weapon)
 b - a +0 blowgun
 p - a +0 quarterstaff
Missiles
 q - 34 poisoned needles
Armour
 d - a +0 robe (worn)
 l - a +0 large shield
Jewellery
 f - a cursed +2 ring of slaying (left hand)
 j - a ring of sustain abilities (right hand)
 n - an uncursed ring of ice
 t - an uncursed ring of flight
Magical devices
 o - a wand of random effects (15)
 s - a wand of draining (7)
 x - a wand of fire (5)
Scrolls
 c - 2 scrolls of teleportation
 e - 3 scrolls of enchant armour {unknown}
 g - 3 scrolls of amnesia {unknown}
 h - 4 scrolls of remove curse {unknown}
 i - 3 scrolls of noise {unknown}
 k - 6 scrolls of identify {unknown}
 m - 3 scrolls of recharging {unknown}
 r - a scroll of fear {unknown}
 u - a scroll of fog {unknown}
 v - a scroll of blinking {unknown}
 w - a scroll of enchant weapon {unknown}


   Skills:
 - Level 2.0 Fighting
 + Level 7.1 Long Blades
 - Level 1.5 Staves
 - Level 1.0 Throwing
 - Level 1.0 Dodging
 - Level 1.0 Stealth
 - Level 1.0 Shields


You had 6 spell levels left.
You didn't know any spells.

Dungeon Overview and Level Annotations

Branches:
Dungeon (4/15)
 Temple: D:4-7

Altars:
Okawaru
Vehumet

Annotations:
D:4 Grinder, Prince Ribbit


Innate Abilities, Weirdness & Mutations

You do not eat or drink.
Your flesh is vulnerable to fire.
Your flesh is cold resistant.
You are immune to negative energy.
Your system is resistant to poisons.
You are immune to unholy pain and torment.
You can survive without breathing.


Message History

The floor.
You hit Grinder.
Grinder is almost dead.
Grinder says, "I used to sell toenails on the black market."
Grinder gestures at you.
You are unaffected.
Unknown command.
You miss Grinder.
Grinder is almost dead.
Grinder hits you but does no damage.
Unknown command.
You hit Grinder.
Grinder is almost dead.
Grinder hits you!
* * * LOW HITPOINT WARNING * * *
Unknown command.
You barely miss Grinder.
Grinder is almost dead.
Grinder hits you!
You die...

.###.# .....#
.########## ####
........... ..#
.########## #.# .#.. ..#
#.# .#.# #.# #.# .#.#
#.# #.# .#.# #.# #@#
.#.# #.# #5# .#.## #.#
#.# .#..#####.######.#
.............!.#.#
.#...#....####.#.#
###.###.### #.#.#
.#...#..# #.#.#######
..._....######.#.......#


You could see Grinder.

Vanquished Creatures
  Menkaure (D:4)
  A giant frog (D:4)
  A crimson imp (D:4)
  An orc priest (D:4)
  2 hounds (D:4)
  3 orc wizards
  2 giant frog skeletons (D:4)
  5 worker ants (D:4)
  7 adders
  2 worms
  A giant mite (D:4)
  4 giant geckos
  An ooze (D:1)
  11 orcs
  2 ball pythons
  5 giant cockroaches
  9 goblins
  4 hobgoblins
  8 jackals
  9 kobolds
  7 bats
  8 giant newts
  2 quokkas
  12 rats
108 creatures vanquished.

Notes
Turn   | Place    | Note
--------------------------------------------------------------
     0 | D:1      | Kellhus, the Mummy Wanderer, began the quest for the Orb.
     0 | D:1      | Kellhus set off with: a +2 falchion, a +0 quarterstaff, a scroll of teleportation, a +0 robe
     0 | D:1      | Reached XP level 1. HP: 16/16 MP: 1/1
   180 | D:1      | Reached XP level 2. HP: 16/22 MP: 2/2
  1324 | D:2      | Reached skill level 3 in Long Blades
  1324 | D:2      | Reached XP level 3. HP: 19/27 MP: 3/3
  1601 | D:2      | Reached XP level 4. HP: 18/33 MP: 4/4
  1712 | D:2      | Found an iron altar of Okawaru.
  2100 | D:2      | Became a worshipper of Warmaster Okawaru
  2198 | D:3      | Reached skill level 4 in Long Blades
  2663 | D:3      | Reached XP level 5. HP: 33/38 MP: 5/5
  3460 | D:4      | Found a radiant altar of Vehumet.
  3518 | D:4      | Reached skill level 5 in Long Blades
  3676 | D:4      | Noticed Menkaure
  3687 | D:4      | Killed Menkaure
  3687 | D:4      | Acquired Okawaru's first power
  3687 | D:4      | Reached XP level 6. HP: 9/44 MP: 6/6
  3933 | D:4      | Noticed Prince Ribbit
  4014 | D:4      | Reached skill level 6 in Long Blades
  4171 | D:4      | Reached XP level 7. HP: 44/50 MP: 7/7
  4895 | D:4      | Reached skill level 7 in Long Blades
  5060 | D:4      | Noticed Grinder
  5067 | D:4      | Paralysed by Grinder for 3 turns
  5090 | D:4      | Paralysed by Grinder for 2 turns
  5100 | D:4      | HP: 1/50 [Grinder (7)]
  5101 | D:4      | Mangled by Grinder

Action                   |  1- 3 |  4- 6 |  7- 9 || total
-------------------------+-------+-------+-------++-------
Melee: Falchion          |    86 |   182 |    96 ||   364
 Fire: Blowgun           |       |       |     4 ||     4
Evoke: Wand              |       |     3 |       ||     3
 Stab: Sleeping          |       |     2 |     1 ||     3
       Distracted        |       |     1 |     1 ||     2
